 Dungeon Crawl Stone Soup version 0.29.0-11-gd7f09526c8 (webtiles) character file.

Game seed: 13672819113505191368

7 Flugkiller the Trooper (level 1, -21/20 HPs)
             Began as a Minotaur Fighter on Sept 5, 2022.
             Killed by an exploding endoplasm (41 damage)
             ... ignited by their inner flame
             ... on level 1 of the Dungeon.
             The game lasted 00:00:15 (548 turns).

Flugkiller the Trooper (Minotaur Fighter)            Turns: 548, Time: 00:00:16

Health: -21/20     AC:  7    Str: 20    XL:     1   Next: 91%
Magic:  0/0        EV:  9    Int:  5    God:
Gold:   39         SH:  4    Dex:  9    Spells: 0/0 levels left

rFire   . . .      SeeInvis .   a - +0 war axe
rCold   . . .      Faith    .   c - +0 buckler
rNeg    . . .      Spirit   .   b - +0 scale mail
rPois   .          Reflect  .   (helmet restricted)
rElec   .          Harm     .   (no cloak)
rCorr   .          Rampage  .   (no gloves)
Will    .....                   (no boots)
Stlth   ..........              (no amulet)
HPRegen 0.06/turn               (no ring)
MPRegen 0.07/turn               (no ring)

@: no status effects
A: horns 2, retaliatory headbutt
a: no special abilities


You were on level 1 of the Dungeon.
You visited 1 branch of the dungeon, and saw 1 of its levels.

You collected 39 gold pieces.

Inventory:

Hand Weapons
 a - a +0 war axe (weapon)
Armour
 b - a +0 scale mail (worn)
 c - a +0 buckler (worn)
Scrolls
 f - a scroll of blinking {unknown}
 g - 2 scrolls of immolation
 i - 3 scrolls of amnesia {unknown}
 j - a scroll of identify {unknown}
 k - a scroll of butterflies {unknown}
 n - a scroll of enchant weapon {unknown}
Potions
 d - a potion of might
 e - a potion of haste {unknown}
 h - a potion of invisibility {unknown}
 l - a potion of attraction {unknown}


   Skills:
 + Level 3.8 Fighting
 * Level 2.9 Axes
 + Level 3.8 Armour
 - Level 3.6 Shields


You couldn't memorise any spells.
You didn't know any spells.
Your spell library was empty.

Dungeon Overview and Level Annotations

Branches:
Dungeon (1/15)

Altars:


Innate Abilities, Weirdness & Mutations

You have a pair of horns on your head.
You reflexively headbutt those who attack you in melee.


Message History

The kobold barely misses you.
You completely miss the kobold. Your headbutt misses the kobold.
The kobold hits you with a +0 short sword.
You slash the kobold!
You kill the kobold!
You closely miss the ball python. The ball python barely misses you.
The ball python grabs you. The ball python constricts you.
The ball python barely misses you. The ball python constricts you.
You barely miss the ball python. The ball python bites you.
The ball python constricts you.
You barely miss the ball python. Your headbutt misses the ball python.
The ball python bites you but does no damage.
The ball python constricts you.
The ball python bites you but does no damage.
The ball python constricts you.
A ball python is nearby!
A ball python is nearby!
A ball python is nearby!
You barely miss the ball python.
The ball python bites you but does no damage.
The ball python constricts you. You block the ball python's attack.
The ball python constricts you.
You hit the ball python.
You kill the ball python!
Things that are here:
a +0 short sword; a kobold corpse No target in view!
HP restored.
A quokka comes into view.
A quokka is nearby!
A quokka is nearby!
A quokka is nearby!
You slash the quokka!
You kill the quokka!
No target in view!
No target in view!
No target in view!
No target in view!
No target in view!
A bat comes into view.
A bat is nearby!
A bat is nearby!
A bat is nearby!
The bat barely misses you. You block the bat's attack.
You miss the bat. The bat hits you but does no damage.
You block the bat's attack. The bat barely misses you.
You barely miss the bat. The bat hits you but does no damage.
You block the bat's attack. x2
You slash the bat!
You kill the bat!
No target in view!
No target in view!
You see here a bat corpse.
l - a red potion A frilled lizard comes into view.
A frilled lizard is nearby!
A frilled lizard is nearby!
Found a scroll labelled GADEG LIDO and a buckler.
Found a scroll labelled GADEG LIDO.
You block the frilled lizard's attack.
You barely miss the frilled lizard.
The frilled lizard bites you but does no damage.
You hit the frilled lizard.
You kill the frilled lizard!
No target in view!
No target in view!
No target in view!
No target in view!
No target in view!
No target in view!
No target in view!
No target in view!
You see here an orb of guile.
You see here a +0 buckler.
m - a +0 buckler
i - 2 scrolls labelled GADEG LIDO (gained 1)
You now have 20 gold pieces (gained 9).
You now have 30 gold pieces (gained 10).
i - 3 scrolls labelled GADEG LIDO (gained 1)
You see here a +0 robe.
Found a leather armour.
You now have 39 gold pieces (gained 9).
You see here a +2 hat.
n - a scroll labelled FASHRO DODI You open the door.
An endoplasm comes into view.
The endoplasm moves out of view.
Found a faded altar of an unknown god.
You drop a +0 buckler.
There is an open door here.
An endoplasm is nearby!
An endoplasm is nearby!
As you read the scroll labelled KUINUA IVADGH, it crumbles to dust.
The creatures around you are filled with an inner flame!
It was a scroll of immolation.
Unknown command.
You slash the endoplasm!
The endoplasm explodes!
The fiery explosion engulfs you!!!
Ouch! That really hurt!
You die...

######
###....#####
#...##....[#
#.+#######@#
#.# #..## #.#
...ยงยง
####.##.....#
#....##8._..
#.#####.....
#.# ...8. #.#
..### #.#
#+###.###+#
#####


There were no monsters in sight!

Vanquished Creatures
  An endoplasm (D:1)
  A kobold (D:1)
  2 quokkas (D:1)
  A ball python (D:1)
  A bat (D:1)
  A frilled lizard (D:1)
  2 rats (D:1)
9 creatures vanquished.

Notes
Turn   | Place    | Note
-------+----------+-------------------------------------------
     0 | D:1      | Flugkiller the Minotaur Fighter began the quest for the
                  | Orb.
     0 | D:1      | Reached XP level 1. HP: 19/19 MP: 0/0
   544 | D:1      | Found a faded altar of an unknown god.
   548 | D:1      | Killed by an exploding endoplasm... ignited by their inner
                  | flame

Illustrated notes

Levels and vault maps discovered:
D:1:      mushboom_english_gardens, layout_rooms,
          hellmonk_ecumenical_altar_slurped_away, minmay_misc_feat_square

Action                   || total
-------------------------++-------
Melee: War axe           ||    19
  Use: Scroll            ||     1
Armor: Scale mail        ||     8
Dodge: Dodged            ||     7
Block: Buckler           ||     7
